 Dungeon Crawl Stone Soup version 0.30-a0-930-gb9d0489357 (webtiles) character file.

Game seed: 2353464935603091099

5 freelancePsychic the Digger (level 1, 0/13 HPs)
             Began as a Demonspawn Earth Elementalist on Mar 24, 2023.
             Slain by a quokka (4 damage)
             ... on level 1 of the Dungeon.
             The game lasted 00:00:43 (231 turns).

freelancePsychic the Digger (DsEE)                   Turns: 231, Time: 00:00:44

Health: 0/13       AC:  2    Str:  8    XL:     1   Next: 66%
Magic:  2/3        EV: 12    Int: 16    God:
Gold:   28         SH:  0    Dex: 13    Spells: 3/4 levels left

rFire   . . .      SeeInvis .    (no weapon)
rCold   . . .      Faith    .    (no shield)
rNeg    . . .      Spirit   .    a - +0 robe
rPois   .          Reflect  .    (no helmet)
rElec   .          Rampage  .    (no cloak)
rCorr   .                        (no gloves)
Will    .....                    (no boots)
Stlth   ++                       (no amulet)
HPRegen 0.22/turn                (no ring)
MPRegen 0.08/turn                (no ring)

@: no status effects
A: no striking features
a: no special abilities


You were on level 1 of the Dungeon.
You visited 1 branch of the dungeon, and saw 1 of its levels.

You collected 28 gold pieces.

Inventory:

Armour
 a - a +0 robe (worn)
Scrolls
 c - a scroll of summoning {unknown}
 e - a scroll of identify {unknown}
 f - a scroll of teleportation {unknown}
Potions
 d - a potion of degeneration {unknown}


   Skills:
 - Level 1.7 Dodging
 * Level 2.2 Stealth
 - Level 2.0 Spellcasting
 - Level 0.8 Transmutations
 + Level 2.8 Earth Magic


You had 3 spell levels left.
You knew the following spells:

 Your Spells              Type           Power      Damage    Failure   Level
a - Sandblast             Erth           20%        2d7       7%          1

Your spell library contained the following spells:

 Spells                   Type           Power      Damage    Failure   Level
 Passwall                 Tmut/Erth      5%         N/A       14%         2
 Stone Arrow              Conj/Erth      12%        3d7       34%         3
 Petrify                  Tmut/Erth      7%         N/A       67%         4


Dungeon Overview and Level Annotations

Branches:
Dungeon (1/15)

Altars:


Message History

The blast of sand hits the jackal!
You kill the jackal!
A jackal comes into view.
Found a knobbly wooden ring and a sapphire potion.
A jackal comes into view.
The blast of sand hits the jackal.
The jackal is moderately wounded.
The jackal barks! x2
A giant cockroach comes into view.
The jackal closely misses you.
The blast of sand hits the jackal.
You kill the jackal!
The jackal bites you. x2
The blast of sand hits the jackal.
The jackal is lightly wounded.
The jackal bites you. The jackal misses you.
The jackal attacks as you move away! The jackal barely misses you.
The jackal completely misses you.
A quokka comes into view.
You closely miss the jackal.
The jackal is lightly wounded.
The jackal bites you. x2
Magic courses through your body. The jackal barely misses you.
Casting: Sandblast (safe; 7% risk of failure)
Confirm with . or Enter, or press ? or * to list all spells.
Aiming: Sandblast (safe; 7% risk of failure)
Press: ? - help, Shift-Dir - straight line, f - quokka, p - jackal
Aim: a quokka (75% to hit)
The blast of sand misses the quokka.
The jackal misses you. The quokka barely misses you. The jackal bites you.
Casting: Sandblast (safe; 7% risk of failure)
Confirm with . or Enter, or press ? or * to list all spells.
Aiming: Sandblast (safe; 7% risk of failure)
Press: ? - help, Shift-Dir - straight line, f/p - quokka
Aim: a quokka (75% to hit)
The blast of sand hits the quokka.
The quokka is heavily wounded.
The jackal barely misses you. The quokka bites you. The jackal bites you.
The quokka bites you.
You die...

#...........# ###.
#.##........###...
#...............##
###...#..#.####†#
#...........#.##
###.#......^...#
#.#.##.##.####
######.#.##.# ...
#.@hB#.#.##.. ... #
#r##.#.#.####. ###
#.!=#.##...#.####.#
......†............
....##†#####.####.#.
. ..... .# ## #.#.##
. ###. #. . .#


You could see a quokka, a jackal and a giant cockroach.

Vanquished Creatures
  A hobgoblin (D:1)
  2 jackals (D:1)
  2 rats (D:1)
5 creatures vanquished.

Notes
Turn   | Place    | Note
-------+----------+-------------------------------------------
     0 | D:1      | freelancePsychic the Demonspawn Earth Elementalist began
                  | the quest for the Orb.
     0 | D:1      | Reached XP level 1. HP: 13/13 MP: 3/3
   231 | D:1      | Slain by a quokka

Illustrated notes

Levels and vault maps discovered:
D:1:      nagdon_arrival_zigzag_paths, layout_basic, minmay_worlds_worst_comb

Skill      XL: |  1 |
---------------+----+-----
Stealth        | 2 |  2.2
Dodging        | |  1.7
Spellcasting   | |  2.0
Transmutations | |  0.8
Earth Magic    | |  2.8

Action                     || total
---------------------------++-------
  Melee: Unarmed           ||     1
   Cast: Sandblast         ||     9
    Use: Potion            ||     1
  Dodge: Dodged            ||     8

Table legend: (Time is in decaauts)
 A = Elapsed time spent in this place.
 B = Non-inter-level travel time spent in this place.
 C = Inter-level travel time spent in this place.
 D = Time resting spent in this place.
 E = Time spent auto-exploring this place.
 F = Levels seen in this place.
 G = Mean time per level.
                   A        B        C        D        E       F      G
               +--------+--------+--------+--------+--------+-----+--------+
         Total |    235 |    235 |      0 |      0 |    196 |   1 |  235.0 |
       Dungeon |    235 |    235 |      0 |      0 |    196 |   1 |  235.0 |
               +--------+--------+--------+--------+--------+-----+--------+

Top non-repeatable levels by time:
     D:1: 235 daAuts
